 Dungeon Crawl Stone Soup version 0.27.1 (webtiles) character file.

Game seed: 15195502056186862014

51 hilljack the Digger (level 3, -4/19 HPs)
             Began as a Gargoyle Earth Elementalist on Aug 29, 2021.
             Slain by a worm (9 damage)
             ... on level 2 of the Dungeon.
             The game lasted 00:03:38 (2056 turns).

hilljack the Digger (Gargoyle Earth Elementalist)   Turns: 2056, Time: 00:03:38

Health: -4/19      AC:  5    Str: 11    XL:     3   Next: 81%
Magic:  5/6        EV: 12    Int: 15    God:
Gold:   51         SH:  0    Dex: 11    Spells: 3/6 levels left

rFire    . . .     SeeInvis .   d - +0 club
rCold    . . .     Faith    .   (no shield)
rNeg     + . .     Spirit   .   b - +0 robe
rPois    ∞         Reflect  .   (no helmet)
rElec    +         Harm     +   e - scarf {harm}
rCorr    .         Rampage  .   (no gloves)
Will     .....                  (no boots)
Stlth    ++........             (no amulet)
HPRegen  0.06/turn              (no ring)
MPRegen  0.10/turn              (no ring)

@: no status effects
A: sickness immunity, AC +3, negative energy resistance 1, electricity
resistance, torment resistance 1, petrification resistance
a: no special abilities


You were on level 2 of the Dungeon.
You visited 1 branch of the dungeon, and saw 2 of its levels.

You collected 51 gold pieces.

Inventory:

Hand Weapons
 d - a +0 club (weapon)
Missiles
 c - 12 stones
Armour
 b - a +0 robe (worn)
 e - a scarf of harm (worn)
Scrolls
 g - a scroll of fog {unknown}
Potions
 a - a potion of heal wounds {unknown}
 f - a potion of attraction


   Skills:
 + Level 2.8 Dodging
 - Level 2.1 Stealth
 - Level 2.1 Spellcasting
 - Level 1.0 Transmutations
 - Level 4.0 Earth Magic


You had 3 spell levels left.
You knew the following spells:

 Your Spells              Type           Power      Damage    Failure   Level
a - Sandblast             Erth           26%        2d8       4%          1
b - Passwall              Tmut/Erth      7%         N/A       12%         2

Your spell library contained the following spells:

 Spells                   Type           Power      Damage    Failure   Level
 Stone Arrow              Conj/Erth      14%        3d7       28%         3
 Petrify                  Tmut/Erth      9%         N/A       58%         4


Dungeon Overview and Level Annotations

Branches:
Dungeon (2/15)

Altars:
Trog


Innate Abilities, Weirdness & Mutations

You are immune to sickness and miasma.
Your stone body is resilient. (AC +3)
You are immune to poison.
You resist negative energy. (rN+)
You are resistant to electric shocks. (rElec)
You are resistant to unholy torment.
You are immune to petrification.


Message History

The ball python constricts you. The ball python barely misses you.
The ball python constricts you.
You hit the ball python.
You kill the ball python!
You hit the worm.
The worm is lightly wounded.
The worm barely misses you.
You hit the worm but do no damage.
The worm is lightly wounded.
You barely miss the worm.
The worm is lightly wounded.
The worm closely misses you.
You hit the worm.
The worm is moderately wounded.
The worm misses you.
You hit the worm but do no damage.
The worm is moderately wounded.
The worm barely misses you.
You hit the worm.
The worm is heavily wounded.
The worm bites you.
You hit the worm.
The worm is heavily wounded.
You barely miss the worm.
The worm is heavily wounded.
The worm bites you.
* * * LOW HITPOINT WARNING * * *
You are too injured to fight recklessly!
You are too injured to fight recklessly!
You are too injured to fight recklessly!
You are too injured to fight recklessly!
You are too injured to fight recklessly!
You are too injured to fight recklessly!
Aiming: Sandblast (safe; 4% risk of failure)
Press: ? - help, Q - select action, (/) - cycle Shift-Dir - straight line, f - worm
Aim: a worm (heavily wounded, 93% to hit)
The blast of sand hits the worm.
The worm is heavily wounded.
The worm bites you!
You die...

#..#######.#######...
#. ..........†.>.....
# .###.##.#######.##
#.....# ##.##
####..####.....
#.........#
##...#.#..# #.....#
#.###@# #.# #w# ..#
#.. ..## .... ...
#...# ... #....
#..... #......


You could see a worm.

Vanquished Creatures
  3 dart slugs (D:1)
  6 ball pythons
  4 bats (D:1)
  2 endoplasms (D:1)
  A giant cockroach (D:2)
  4 goblins (D:1)
  5 hobgoblins (D:1)
  7 jackals
  2 kobolds
  A quokka (D:1)
  A frilled lizard (D:1)
36 creatures vanquished.

Notes
Turn   | Place    | Note
-------+----------+-------------------------------------------
     0 | D:1      | hilljack the Gargoyle Earth Elementalist began the quest
                  | for the Orb.
     0 | D:1      | Reached XP level 1. HP: 10/10 MP: 3/3
    44 | D:1      | Found a faded altar of an unknown god.
    90 | D:1      | Reached skill level 1 in Transmutations
    90 | D:1      | Reached XP level 2. HP: 8/15 MP: 3/5
    92 | D:1      | Reached skill level 4 in Earth Magic
   329 | D:1      | Learned a level 2 spell: Passwall
   337 | D:1      | Became a worshipper of Trog the Wrathful
   337 | D:1      | Reached * piety under Trog
   413 | D:1      | Fell from the grace of Trog
  1027 | D:1      | Reached XP level 3. HP: 19/19 MP: 6/6
  2056 | D:2      | Slain by a worm

Illustrated notes

Levels and vault maps discovered:
D:1:      dpeg_arrival_windows_large_door, layout_loops_ring,
          ebering_ecumenical_altar_ruins
D:2:      layout_rooms, minmay_tetromino_i2, uniq_jessica

Skill      XL: |  1  2 |
---------------+-------+-----
Transmutations | 1 |  1.0
Earth Magic    | 4 |  4.0
Dodging        | 2 |  2.8
Stealth        | |  2.1
Spellcasting   | |  2.1

Action                   || total
-------------------------++-------
Melee: Unarmed           ||     1
       Club              ||   119
 Cast: Sandblast         ||    18
Invok: Renounce Religion ||     1
  Use: Scroll            ||     2
 Stab: Sleeping          ||     3
Armor: Robe              ||    61
Dodge: Dodged            ||   123
